 Dungeon Crawl Stone Soup version 0.31-a0-200-gbc41564c69 (webtiles) character file.

Game seed: 5046168873016008166

179 Essalna the Firebug (level 5, 0/32 HPs)
             Began as a Tengu Fire Elementalist on June 26, 2023.
             Slain by an ogre
             ... wielding a +0 giant club
              (15 damage)
             ... on level 3 of the Dungeon.
             The game lasted 00:05:59 (2322 turns).

Essalna the Firebug (Tengu Fire Elementalist)       Turns: 2322, Time: 00:05:59

Health: 0/32       AC:  4    Str:  8    XL:     5   Next: 59%
Magic:  0/9        EV: 14    Int: 17    God:
Gold:   146        SH:  0    Dex: 15    Spells: 5/8 levels left

rFire   . . .        o - +1 dagger (freeze)
rCold   . . .        (no shield)
rNeg    . . .        a - +0 robe
rPois   .            (helmet restricted)
rElec   .            e - +0 cloak
rCorr   .            d - +0 pair of gloves
SInv    .            (boots unavailable)
Will    .....        l - amulet of magic regeneration
Stlth   ++           (no ring)
HPRegen 0.25/turn    (no ring)
MPRegen 0.51/turn

%: no passive effects
@: flying quickly and evasively, quick
A: beak, talons 3, nimble flight
a: no special abilities


You were on level 3 of the Dungeon.
You visited 1 branch of the dungeon, and saw 4 of its levels.

You collected 146 gold pieces.

Inventory:

Hand Weapons
 m - a +2 war axe of venom
 o - a +1 dagger of freezing (weapon)
Armour
 a - a +0 robe (worn)
 d - a +0 pair of gloves (worn)
 e - a +0 cloak (worn)
Jewellery
 i - the amulet of Elemental Vulnerability {rPois rF-- rC-- AC+8}
   (You found it on level 3 of the Dungeon)

   [amulet of nothing]

   AC:        It affects your AC (+8).
   rF:        It makes you very vulnerable to fire.
   rC:        It makes you very vulnerable to cold.
   rPois:     It protects you from poison.
 l - an amulet of magic regeneration (around neck)
Scrolls
 c - a scroll of fog
 j - a scroll of noise
Potions
 b - a potion of magic
 f - a potion of might
 g - a potion of mutation {unknown}
 h - 2 potions of curing
 k - 2 potions of invisibility {unknown}
 n - 2 potions of lignification {unknown}


   Skills:
 + Level 2.8 Fighting
 - Level 2.1 Dodging
 - Level 2.0 Stealth
 - Level 2.0 Spellcasting
 + Level 4.0 Conjurations
 + Level 4.6 Fire Magic


You had 5 spell levels left.
You knew the following spells:

 Your Spells              Type           Power      Damage    Failure   Level
a - Foxfire               Conj/Fire      64%        2x1d7     3%          1
b - Scorch                Fire           34%        2d6       4%          2

Your spell library contained the following spells:

 Spells                   Type           Power      Damage    Failure   Level
 Inner Flame              Hex/Fire       9%         N/A       22%         3
 Volatile Blastmotes      Fire/Tloc      18%        2d11      22%         3
 Flame Wave               Conj/Fire      16%        2d7       32%         4


Dungeon Overview and Level Annotations

Branches:
Dungeon (4/15)
 Temple: D:4-7

Altars:
Makhleb

Annotations:
D:2 Terence


Innate Abilities, Weirdness & Mutations

You have a beak for a mouth.
You have claws for feet.
Your magical nature lets you fly swiftly and evasively.


Message History

The orc is severely wounded.
The orc's fire resistance burns away.
You hear a shout!
The foxfire hits the ogre.
The ogre is severely wounded.
The foxfire hits the orc but does no damage.
The orc is severely wounded.
The orc closely misses you.
Casting: Scorch (safe; 4% risk of failure)
Confirm with . or Enter, or press ? or * to list all spells.
Flames lash the orc but do no damage.
The orc hits you with a +1 hand axe of venom.
You are poisoned.
An orc comes into view. It is wielding a +0 dagger.
The ogre barely misses you.
Casting: Scorch (safe; 4% risk of failure)
Confirm with . or Enter, or press ? or * to list all spells.
You don't have enough magic to cast this spell.
Casting: Scorch (safe; 4% risk of failure)
Confirm with . or Enter, or press ? or * to list all spells.
You don't have enough magic to cast this spell.
You feel very sick.
The orc is no longer more vulnerable to fire.
The orc closely misses you. The ogre hits you with a +0 giant club!
Ouch! That really hurt!
* * * LOW HITPOINT WARNING * * *
Your magical contamination has completely faded away.
You fly upwards.
* * * LOW HITPOINT WARNING * * *
You feel very sick.
There is a stone staircase leading down here.
Okay, then.
Unknown command.
It was a potion of curing.
You feel better. The orc barely misses you.
Casting: Scorch (safe; 4% risk of failure)
Confirm with . or Enter, or press ? or * to list all spells.
Flames lash the orc.
You kill the orc!
The ogre hits you with a +0 giant club!
You die...

#................#
#......)......##.#
#.............##.#
#.............##.#
#.............##.#
#############.##.#
########## #.....##.#
##........####.######.#
..........'....)@# #.#
##........######O####.#
...#######............#
...#### #.#####.######
......# #.....#.#
......# #####.#.#
.....†########.#.###
..<###.........#.####
######.........#.####


You could see an ogre.

Vanquished Creatures
  A hound (D:4)
  An iguana (D:3)
  An orc wizard (D:4)
  4 adders
  3 worms
  6 orcs
  2 endoplasms
  A giant cockroach (D:3)
  6 goblins
  7 hobgoblins
  4 jackals (D:4)
  4 ball pythons
  A bat (D:2)
  A frilled lizard (D:2)
  6 kobolds
  7 rats
55 creatures vanquished.

Vanquished Creatures (others)
  196 foxfires
196 creatures vanquished.

Grand Total: 251 creatures vanquished

Notes
Turn   | Place    | Note
-------+----------+-------------------------------------------
     0 | D:1      | Essalna the Tengu Fire Elementalist began the quest for the
                  | Orb.
     0 | D:1      | Reached XP level 1. HP: 10/10 MP: 4/4
   212 | D:1      | Reached XP level 2. HP: 16/16 MP: 0/6
   227 | D:1      | Reached skill level 1 in Fighting
  1235 | D:2      | Found a burning altar of Makhleb.
  1261 | D:2      | Reached XP level 3. HP: 20/20 MP: 3/7
  1447 | D:2      | Learned a level 2 spell: Scorch
  1480 | D:2      | Noticed Terence
  1879 | D:3      | Reached XP level 4. HP: 26/26 MP: 5/8
  2061 | D:3      | Found the amulet of Elemental Vulnerability {rPois rF--
                  | rC-- AC+8}
  2247 | D:4      | Gained mutation: Your magical nature lets you fly swiftly
                  | and evasively. [Tengu growth]
  2247 | D:4      | Reached XP level 5. HP: 31/31 MP: 5/9
  2247 | D:4      | Noticed an ogre
  2322 | D:3      | Slain by an ogre

Illustrated notes

Levels and vault maps discovered:
D:1:      shiori_arrival_oz, layout_loops_ring, st_stairs_10
D:2:      layout_basic, basic_altar, nicolae_titane, uniq_terence
D:3:      layout_basic
D:4:      layout_cave_pools

Skill      XL: |  1  2  3  4  5 |
---------------+----------------+-----
Conjurations   | 2 3 4 |  4.0
Fighting       | 1 2 |  2.8
Fire Magic     | 4 |  4.6
Dodging        | |  2.1
Stealth        | |  2.0
Spellcasting   | |  2.0

Action                     |  1- 3 |  4- 6 || total
---------------------------+-------+-------++-------
  Melee: Unarmed           |    31 |       ||    31
         Kick              |    11 |     1 ||    12
         Peck              |     1 |     1 ||     2
         War axe           |     3 |       ||     3
         Dagger            |       |     1 ||     1
   Cast: Foxfire           |    61 |    55 ||   116
         Scorch            |    12 |     5 ||    17
    Use: Scroll            |     3 |     5 ||     8
         Potion            |       |     1 ||     1
   Stab: Sleeping          |     2 |       ||     2
 Armour: Robe              |     8 |     2 ||    10
  Dodge: Dodged            |    20 |     5 ||    25

Table legend: (Time is in decaauts)
 A = Elapsed time spent in this place.
 B = Non-inter-level travel time spent in this place.
 C = Inter-level travel time spent in this place.
 D = Time resting spent in this place.
 E = Time spent auto-exploring this place.
 F = Levels seen in this place.
 G = Mean time per level.
                   A        B        C        D        E       F      G
               +--------+--------+--------+--------+--------+-----+--------+
         Total |   2319 |   2157 |    162 |      0 |   1710 |   4 |  579.8 |
       Dungeon |   2319 |   2157 |    162 |      0 |   1710 |   4 |  579.8 |
               +--------+--------+--------+--------+--------+-----+--------+

Top non-repeatable levels by time:
     D:1: 1085 daAuts
     D:2: 669 daAuts
     D:3: 467 daAuts
     D:4: 97 daAuts
